 Dungeon Crawl Stone Soup version 0.26.1-2-gb8aa6d0cf2 (webtiles) character file.

Game seed: 307310117007779070

53 hawla the Conjurer (level 3, 0/20 HPs)
             Began as a Deep Elf Conjurer on Feb 23, 2021.
             Succumbed to a kobold's poison
             ... on level 3 of the Dungeon.
             The game lasted 00:04:52 (1645 turns).

hawla the Conjurer (Deep Elf Conjurer)              Turns: 1645, Time: 00:04:52

Health: 0/20       AC:  2    Str:  4    XL:     3   Next: 62%
Magic:  1/10       EV: 13    Int: 23    God:
Gold:   76         SH:  0    Dex: 13    Spells: 6/9 levels left

rFire    . . .     SeeInvis .   h - +0 dagger (venom)
rCold    . . .     Faith    .   (no shield)
rNeg     . . .     Spirit   .   a - +0 robe
rPois    .         Reflect  .   (no helmet)
rElec    .         Harm     .   (no cloak)
rCorr    .         Rampage  .   (no gloves)
Will     .....                  (no boots)
Stlth    ++........             (no amulet)
HPRegen  0.06/turn              (no ring)
MPRegen  0.12/turn              (no ring)

@: lethally poisoned (0 -> -14)
A: no striking features
a: no special abilities


You were on level 3 of the Dungeon.
You visited 1 branch of the dungeon, and saw 3 of its levels.

You collected 76 gold pieces.

Inventory:

Hand Weapons
 h - a +0 dagger of venom (weapon)
Missiles
 i - 19 poisoned darts
Armour
 a - a +0 robe (worn)
 g - a +0 buckler
Scrolls
 b - a scroll of remove curse
 c - a scroll of blinking
 d - 2 scrolls of teleportation {unknown}
 f - a scroll of enchant armour {unknown}
 j - a scroll of magic mapping {unknown}
 k - a scroll of identify {unknown}


   Skills:
 + Level 0.6 Fighting
 + Level 2.8 Dodging
 + Level 2.8 Stealth
 + Level 0.1 Shields
 + Level 3.6 Spellcasting
 + Level 4.6 Conjurations
 + Level 0.8 Translocations
 + Level 0.7 Fire Magic
 - Level 1.0 Evocations


You had 6 spell levels left.
You knew the following spells:

 Your Spells              Type           Power        Failure   Level
a - Magic Dart            Conj           100%         1%          1
b - Searing Ray           Conj           50%          2%          2

Your spell library contained the following spells:

 Spells                   Type           Power        Failure   Level
 Dazzling Flash           Conj/Hex       28%          13%         3
 Iskenderun's Mystic Bla  Conj/Tloc      16%          34%         4
 Fulminant Prism          Conj/Hex       7%           38%         4


Dungeon Overview and Level Annotations

Branches:
Dungeon (3/15)

Altars:


Message History

The kobold is quivering 5 poisoned darts.
The kobold shouts!
Found 9 gold pieces.
The adder bites you.
* * * LOW HITPOINT WARNING * * *
You are lethally poisoned!
The adder poisons you! The adder misses you.
The kobold throws a poisoned dart.
The poisoned dart hits you!
You are more poisoned.
You see here a poisoned dart.
* * * LOW HITPOINT WARNING * * *
You feel sick.
* * * LOW HITPOINT WARNING * * *
You feel sick.
* * * LOW HITPOINT WARNING * * *
You feel sick. The adder misses you.
You aren't carrying any potions.
You aren't carrying any potions.
Unknown command.
You die...

##.#......
#Z.......#
#..##.####
#..##.###
#(...$bK.
#.###.###
#S# # #.#
#@# #.#
#.. ##.#
.# .# .#
.#


You could see an adder and an adder zombie.

Vanquished Creatures
  An adder (D:2)
  An ooze (D:1)
  A worm (D:2)
  2 dart slugs
  A leopard gecko (D:1)
  A giant cockroach (D:1)
  6 goblins
  2 hobgoblins (D:1)
  2 jackals (D:2)
  3 kobolds
  A ball python (D:1)
  3 bats (D:1)
  3 frilled lizards
  5 rats (D:1)
32 creatures vanquished.

Notes
Turn   | Place    | Note
-------+----------+-------------------------------------------
     0 | D:1      | hawla the Deep Elf Conjurer began the quest for the Orb.
     0 | D:1      | Reached XP level 1. HP: 10/10 MP: 6/6
     3 | D:1      | Noticed an electric eel
     4 | D:1      | Noticed an electric eel
   499 | D:1      | Reached XP level 2. HP: 15/15 MP: 6/8
   547 | D:1      | Learned a level 2 spell: Searing Ray
  1228 | D:1      | Reached XP level 3. HP: 20/20 MP: 5/9
  1496 | D:2      | Reached skill level 1 in Evocations
  1644 | D:3      | HP: 1/20 [poisoned by a kobold]
  1645 | D:3      | Succumbed to a kobold's poison

Illustrated notes

Levels and vault maps discovered:
D:1:      arrival_aquarium_b, layout_loops_corners
D:2:      layout_rooms, uniq_jessica, uniq_sigmund
D:3:      layout_loops_ring, serial_undead, serial_undead_b, serial_undead_e,
          serial_undead_a, serial_undead_a, serial_undead_c, serial_undead_f,
          uniq_natasha

Skill      XL: |  1  2  3 |
---------------+----------+-----
Evocations     | 1 |  1.0
Fighting       | |  0.6
Dodging        | |  2.8
Stealth        | |  2.8
Shields        | |  0.1
Spellcasting   | |  3.6
Conjurations   | |  4.6
Translocations | |  0.8
Fire Magic     | |  0.7

Action                   || total
-------------------------++-------
Melee: Unarmed           ||     1
       Dagger            ||     3
 Cast: Magic Dart        ||    29
       Searing Ray       ||    19
  Use: Scroll            ||     2
       Potion            ||     2
Armor: Robe              ||     4
Dodge: Dodged            ||    28
